SL
MISSISSIPPI BRAVES @ BILOXI SHUCKERS
05/25/2098
 
TOP OF THE 1ST
Mississippi Braves batting - Pitching for Biloxi Shuckers : RHP Scott Galvin
Pitching: RHP Scott Galvin
Batting: RHB Tim Grabowski 0-0: Foul Ball, location: 2F
0-1: Ball
1-1: SOLO HOME RUN (Line Drive, 7LD, EV 92.5 MPH), Distance : 356 ft
Batting: RHB Cody Dimmer 0-0: Foul Ball, location: 5F
0-1: Called Strike
0-2: Ball
1-2: SINGLE (Groundball, 56D, EV 96.3 MPH)
Batting: SHB Oscar Ramirez 0-0: Called Strike
0-1: Foul Ball, location: 2F
0-2: Foul Ball, location: 3F
0-2: Ball
1-2: Ball
2-2: Ball
3-2: Foul Ball, location: 2F
3-2: Grounds into double play, 4-6-3 (Groundball, 4, EV 103.1 MPH)
Batting: RHB Israel Lopez 0-0: Swinging Strike
0-1: Foul Ball, location: 2F
0-2: Strikes out swinging
Top of the 1st over - 1 run, 2 hits, 0 errors, 0 left on base; Mississippi 1 - Biloxi 0
BOTTOM OF THE 1ST
Biloxi Shuckers batting - Pitching for Mississippi Braves : LHP Danny Lowery
Pitching: LHP Danny Lowery
Batting: LHB Ernie Vavro 0-0: Ball
1-0: SINGLE (Line Drive, 4MD, EV 95.0 MPH)
Batting: RHB Kevin Cannon 0-0: Fielders Choice at 2nd, 1-4 (Groundball, P, EV 67.5 MPH)
Batting: LHB Sandy Amador 0-0: Ball
Wild Pitch!
Kevin Cannon to second
1-0: Called Strike
1-1: Foul Ball, location: 7LDF
1-2: Ball
2-2: Ball
3-2: Strikes out looking
Batting: RHB Billy Weil 0-0: Called Strike
0-1: Swinging Strike
0-2: Foul Ball, location: 2F
0-2: Strikes out swinging
Bottom of the 1st over - 0 runs, 1 hit, 0 errors, 1 left on base; Mississippi 1 - Biloxi 0
TOP OF THE 2ND
Mississippi Braves batting - Pitching for Biloxi Shuckers : RHP Scott Galvin
Batting: RHB Lenny Murdoch 0-0: Swinging Strike
0-1: DOUBLE (Line Drive, 78D, EV 98.1 MPH)
Batting: RHB Brett Moran 0-0: Foul Ball, location: 9LMF
0-1: SINGLE (Groundball, 6D, EV 110.6 MPH)
Lenny Murdoch to third
Batting: RHB Jason Campbell 0-0: Called Strike
0-1: Ball
1-1: Swinging Strike
1-2: Ball
2-2: Foul Ball, location: 25FF
2-2: Strikes out swinging
Batting: LHB Ivan Denizard 0-0: Grounds into double play, 4-6-3 (Groundball, 34, EV 103.8 MPH)
Top of the 2nd over - 0 runs, 2 hits, 0 errors, 1 left on base; Mississippi 1 - Biloxi 0
BOTTOM OF THE 2ND
Biloxi Shuckers batting - Pitching for Mississippi Braves : LHP Danny Lowery
Batting: RHB Tyler Gordon 0-0: Ball
1-0: Called Strike
1-1: Fly out, F8 (Flyball, 8RXD, EV 106.9 MPH)
Batting: LHB Gil Lopez 0-0: Called Strike
0-1: Ball
1-1: Called Strike
1-2: Foul Ball, location: 25F
1-2: Foul Ball, location: 7LDF
1-2: Foul Ball, location: 3F
1-2: Ball
2-2: Ball
3-2: Base on Balls
Pitching: RHP Rino Antonucci
Batting: RHB Jose Tarango 0-0: Ball
1-0: Foul Ball, location: 2LF
1-1: Ball
2-1: Ball
3-1: Base on Balls
Gil Lopez to second
Batting: RHB Harry Turnbull 0-0: Called Strike
0-1: Ball
1-1: Foul Ball, location: 3SF
1-2: Foul Ball, location: 2F
1-2: Fly out, F9 (Flyball, 89D, EV 102.5 MPH)
Batting: LHB Travis Konikowski 0-0: Ball
1-0: Fielders Choice at 2nd, 5-4 (Groundball, 56, EV 90.0 MPH)
Bottom of the 2nd over - 0 runs, 0 hits, 0 errors, 2 left on base; Mississippi 1 - Biloxi 0
TOP OF THE 3RD
Mississippi Braves batting - Pitching for Biloxi Shuckers : RHP Scott Galvin
Batting: LHB Dave Roop 0-0: Called Strike
0-1: Ball
1-1: Called Strike
1-2: Strikes out swinging
Batting: RHB Tim Grabowski 0-0: Ball
1-0: Swinging Strike
1-1: Foul Ball, location: 2F
1-2: Ball
2-2: Ball
3-2: DOUBLE (Groundball, 5L, EV 101.3 MPH)
Batting: RHB Cody Dimmer 0-0: Ball
1-0: Called Strike
1-1: SINGLE (Line Drive, 6MD, EV 98.8 MPH)
Tim Grabowski to third
Runner from 3rd tries for Home, SAFE, throw by CF to home
Batting: SHB Oscar Ramirez 0-0: Called Strike
0-1: Called Strike
0-2: Ball
1-2: Ball
2-2: Strikes out looking
Batting: RHB Israel Lopez 0-0: Ball
1-0: Called Strike
1-1: Foul Ball, location: 2F
1-2: Ball
2-2: SINGLE (Groundball, 56D, EV 105.6 MPH)
Cody Dimmer to second
Batting: RHB Lenny Murdoch 0-0: Called Strike
0-1: Ball
1-1: Swinging Strike
1-2: SINGLE (Groundball, 15S, EV 63.8 MPH) (infield hit)
Cody Dimmer to third
Israel Lopez to second
Batting: RHB Brett Moran 0-0: Fielders Choice at 2nd, U6 (Groundball, 6M, EV 87.5 MPH)
Top of the 3rd over - 1 run, 4 hits, 0 errors, 3 left on base; Mississippi 2 - Biloxi 0
BOTTOM OF THE 3RD
Biloxi Shuckers batting - Pitching for Mississippi Braves : RHP Rino Antonucci
Batting: LHB Ernie Vavro 0-0: Called Strike
0-1: Foul Ball, location: 7LSF
0-2: SINGLE (Groundball, 6MD, EV 95.0 MPH)
Batting: RHB Kevin Cannon 0-0: Ball
1-0: Fly out, F8 (Flyball, 8RD, EV 100.0 MPH)
Batting: LHB Sandy Amador 0-0: Called Strike
Ernie Vavro is caught stealing 2nd base 2-6
0-1: Ball
1-1: Ball
2-1: Ball
3-1: Base on Balls
Batting: RHB Billy Weil 0-0: Foul Ball, location: 2F
0-1: Swinging Strike
0-2: Strikes out looking
Bottom of the 3rd over - 0 runs, 1 hit, 0 errors, 1 left on base; Mississippi 2 - Biloxi 0
TOP OF THE 4TH
Mississippi Braves batting - Pitching for Biloxi Shuckers : RHP Scott Galvin
Batting: RHB Jason Campbell 0-0: Called Strike
0-1: Ball
1-1: Called Strike
1-2: Ball
2-2: Foul Ball, location: 2F
2-2: Foul Ball, location: 2F
2-2: Ground out 5-3 (Groundball, 5, EV 107.5 MPH)
Batting: LHB Ivan Denizard 0-0: Called Strike
0-1: Called Strike
0-2: Ball
1-2: Ball
2-2: Strikes out swinging
Batting: LHB Dave Roop 0-0: Called Strike
0-1: Ball
1-1: DOUBLE (Groundball, 3L, EV 96.3 MPH)
Batting: RHB Tim Grabowski 0-0: Ball
1-0: Foul Ball, location: 9LSF, Error on foul ball, E9
1-1: Ball
2-1: Foul Ball, location: 7LMF
2-2: Foul Ball, location: 2F
2-2: Ball
3-2: Ground out 5-3 (Groundball, 56, EV 91.9 MPH)
Top of the 4th over - 0 runs, 1 hit, 1 error, 1 left on base; Mississippi 2 - Biloxi 0
BOTTOM OF THE 4TH
Biloxi Shuckers batting - Pitching for Mississippi Braves : RHP Rino Antonucci
Batting: RHB Tyler Gordon 0-0: Called Strike
0-1: Ground out 4-3 (Groundball, 4, EV 105.0 MPH)
Batting: LHB Gil Lopez 0-0: Called Strike
0-1: Ball
1-1: Ball
2-1: Ground out 4-3 (Groundball, 4, EV 86.9 MPH)
Batting: RHB Jose Tarango 0-0: Ball
1-0: Ball
2-0: Ball
3-0: Hit by Pitch
Batting: RHB Harry Turnbull 0-0: Ball
1-0: Ball
2-0: Called Strike
2-1: Ball
3-1: Called Strike
3-2: Base on Balls
Jose Tarango to second
Batting: LHB Travis Konikowski 0-0: Fly out, F9 (Flyball, 89M, EV 90.0 MPH)
Bottom of the 4th over - 0 runs, 0 hits, 0 errors, 2 left on base; Mississippi 2 - Biloxi 0
TOP OF THE 5TH
Mississippi Braves batting - Pitching for Biloxi Shuckers : RHP Scott Galvin
Batting: RHB Cody Dimmer 0-0: Ball
1-0: Ball
2-0: Called Strike
2-1: Ball
3-1: Foul Ball, location: 9LMF
3-2: Base on Balls
Batting: SHB Oscar Ramirez 0-0: Fly out, F7 (Flyball, 7LM, EV 85.0 MPH)
Batting: RHB Israel Lopez 0-0: Called Strike
0-1: SINGLE (Line Drive, 4D, EV 99.4 MPH)
Cody Dimmer to second
Runner from 2nd tries for 3rd, SAFE, throw by RF made to third
Batting: RHB Lenny Murdoch 0-0: Ball
1-0: Foul Ball, location: 9LMF
1-1: Fly out, F8 (Flyball, 8RD, EV 108.1 MPH)
Throwing error, E8
Cody Dimmer scores
Israel Lopez to second
Batting: RHB Brett Moran 0-0: Ball
1-0: Ball
2-0: Ball
3-0: Base on Balls
Batting: RHB Jason Campbell 0-0: Ball
Wild Pitch!
Israel Lopez to third
Brett Moran to second
1-0: Foul Ball, location: 7LMF
1-1: SINGLE (Line Drive, 89M, EV 98.1 MPH)
Israel Lopez scores
Brett Moran to third
Runner from 3rd tries for Home, SAFE, throw by RF to home
Jason Campbell to second
Batting: LHB Ivan Denizard 0-0: Ball
1-0: Swinging Strike
1-1: Ball
2-1: Swinging Strike
2-2: Strikes out swinging
Top of the 5th over - 3 runs, 2 hits, 1 error, 1 left on base; Mississippi 5 - Biloxi 0
BOTTOM OF THE 5TH
Biloxi Shuckers batting - Pitching for Mississippi Braves : RHP Rino Antonucci
Batting: LHB Ernie Vavro 0-0: Fly out, F4 (Line Drive, 4, EV 64.4 MPH)
Batting: RHB Kevin Cannon 0-0: Foul Ball, location: 3DF
0-1: Fly out, F7 (Flyball, 7D, EV 86.9 MPH)
Batting: LHB Sandy Amador 0-0: Called Strike
0-1: Reached on error, E7 (Line Drive, 7S, EV 91.3 MPH)
Batting: RHB Billy Weil 0-0: Ball
1-0: Foul Ball, location: 7LDF
1-1: Swinging Strike
1-2: Ball
2-2: Ball
3-2: Fly out, F9 (Flyball, 89M, EV 85.0 MPH)
Bottom of the 5th over - 0 runs, 0 hits, 1 error, 1 left on base; Mississippi 5 - Biloxi 0
TOP OF THE 6TH
Mississippi Braves batting - Pitching for Biloxi Shuckers : RHP Scott Galvin
Batting: LHB Dave Roop 0-0: Ball
1-0: Swinging Strike
1-1: Ball
2-1: Ground out 6-3 (Groundball, 6, EV 84.4 MPH)
Pitching: RHP Mark Rocha
Batting: RHB Tim Grabowski 0-0: Foul Ball, location: 2F
0-1: SINGLE (Groundball, 6MD, EV 97.5 MPH)
Batting: RHB Cody Dimmer 0-0: Called Strike
0-1: Swinging Strike
0-2: Ball
1-2: Ball
2-2: Foul Ball, location: 2F
2-2: Ball
3-2: Foul Ball, location: 2F
3-2: Fielders Choice at 2nd, 5-4 (Groundball, 56, EV 83.1 MPH)
Now at 2B: Jose Tarango
Now at 3B: Jimmy Stanic
Batting: SHB Oscar Ramirez 0-0: Ball
1-0: Swinging Strike
1-1: Called Strike
Cody Dimmer steals 2nd base
1-2: Ball
2-2: Foul Ball, location: 2F
2-2: Fly out, F9 (Line Drive, 9, EV 100.0 MPH)
Top of the 6th over - 0 runs, 1 hit, 0 errors, 1 left on base; Mississippi 5 - Biloxi 0
BOTTOM OF THE 6TH
Biloxi Shuckers batting - Pitching for Mississippi Braves : RHP Rino Antonucci
Batting: RHB Tyler Gordon 0-0: SINGLE (Flyball, 4D, EV 86.9 MPH)
Batting: LHB Gil Lopez 0-0: Fly out, F7 (Line Drive, 7, EV 98.8 MPH)
Batting: RHB Jose Tarango 0-0: Foul Ball, location: 2F
0-1: Foul Ball, location: 7LDF
0-2: Ball
1-2: Foul Ball, location: 5SF
1-2: Fly out, F4 (Popup, 34, EV 71.3 MPH)
Batting: RHB Jimmy Stanic 0-0: Called Strike
Tyler Gordon steals 2nd base
0-1: Ball
1-1: Ball
2-1: Fly out, F3 (Popup, 34S, EV 63.1 MPH)
Bottom of the 6th over - 0 runs, 1 hit, 0 errors, 1 left on base; Mississippi 5 - Biloxi 0
TOP OF THE 7TH
Mississippi Braves batting - Pitching for Biloxi Shuckers : RHP Mark Rocha
Batting: RHB Israel Lopez 0-0: Called Strike
0-1: Ball
1-1: SINGLE (Line Drive, 4MD, EV 97.5 MPH)
Batting: RHB Lenny Murdoch 0-0: Called Strike
0-1: Called Strike
0-2: Ball
1-2: Strikes out swinging
Batting: RHB Brett Moran 0-0: Called Strike
0-1: Foul Ball, location: 3FF
0-2: Ball
1-2: Ball
2-2: Ball
3-2: Base on Balls
Israel Lopez to second
Batting: RHB Jason Campbell 0-0: Called Strike
0-1: Ball
1-1: Ball
2-1: Ball
3-1: Base on Balls
Israel Lopez to third
Brett Moran to second
Batting: LHB Ivan Denizard 0-0: Called Strike
0-1: Ball
1-1: Foul Ball, location: 9LSF
1-2: Foul Ball, location: 23F
1-2: Ball
2-2: Ball
3-2: Grounds into fielders choice 4-2 (Groundball, 34, EV 109.4 MPH)
Brett Moran to third
Jason Campbell to second
Batting: LHB Dave Roop 0-0: Fly out, F7 (Line Drive, 7S, EV 100.6 MPH)
Top of the 7th over - 0 runs, 1 hit, 0 errors, 3 left on base; Mississippi 5 - Biloxi 0
BOTTOM OF THE 7TH
Biloxi Shuckers batting - Pitching for Mississippi Braves : RHP Rino Antonucci
Batting: LHB Travis Konikowski 0-0: Ball
1-0: Foul Ball, location: 2F
1-1: Ball
2-1: DOUBLE (Groundball, 3L, EV 105.0 MPH)
Batting: LHB Ernie Vavro 0-0: Called Strike
0-1: Ball
1-1: Called Strike
1-2: Ball
2-2: Foul Ball, location: 3F
2-2: Foul Ball, location: 2F
2-2: Foul Ball, location: 3F
2-2: Ball
3-2: Base on Balls
Batting: RHB Kevin Cannon 0-0: Ball
1-0: Foul Ball, location: 3F
1-1: SINGLE (Groundball, 13, EV 69.4 MPH) (infield hit)
Travis Konikowski to third
Ernie Vavro to second
Batting: LHB Sandy Amador 0-0: Ball
1-0: Called Strike
1-1: Foul Ball, location: 2F
1-2: Ball
2-2: SINGLE (Flyball, 89M, EV 90.0 MPH)
Travis Konikowski scores
Ernie Vavro to third
Kevin Cannon to second
Batting: RHB Billy Weil 0-0: Ball
1-0: Ball
2-0: Ball
3-0: Base on Balls
Ernie Vavro scores
Kevin Cannon to third
Sandy Amador to second
Batting: RHB Tyler Gordon 0-0: Ball
1-0: Called Strike
1-1: Ball
2-1: Ball
3-1: Foul Ball, location: 5F
3-2: Foul Ball, location: 2F
3-2: Base on Balls
Kevin Cannon scores
Sandy Amador to third
Billy Weil to second
Batting: LHB Gil Lopez 0-0: Ball
1-0: SINGLE (Line Drive, 4MD, EV 98.8 MPH)
Sandy Amador scores
Billy Weil to third
Tyler Gordon to second
Pinch Hitting: LHB Corey Sineni 0-0: Foul Ball, location: 9LMF
0-1: Ball
1-1: Ball
2-1: Foul Ball, location: 7LSF
2-2: Fly out, F8 (Flyball, 89M, EV 86.9 MPH)
Runner from 3rd tags up, SCORES, throw by CF
Tyler Gordon to third
Pitching: RHP Anthony Hall
Batting: RHB Jimmy Stanic 0-0: Foul Ball, location: 2F
0-1: Ball
1-1: Ball
2-1: Swinging Strike
2-2: Ball
3-2: Base on Balls
Gil Lopez to second
Batting: LHB Travis Konikowski 0-0: Ball
1-0: Called Strike
1-1: Swinging Strike
1-2: Ball
2-2: Strikes out swinging
Batting: LHB Ernie Vavro 0-0: DOUBLE (Line Drive, 78M, EV 88.8 MPH)
Tyler Gordon scores
Gil Lopez scores
Jimmy Stanic to third
Batting: RHB Kevin Cannon 0-0: Ball
1-0: Ground out 6-3 (Groundball, 6S, EV 85.6 MPH)
Bottom of the 7th over - 7 runs, 5 hits, 0 errors, 2 left on base; Mississippi 5 - Biloxi 7
TOP OF THE 8TH
Mississippi Braves batting - Pitching for Biloxi Shuckers : RHP Mark Rocha
Now at 1B: Antonio Contreras
Now at 2B: Sean Howlett
Batting: RHB Tim Grabowski 0-0: Foul Ball, location: 2F
0-1: Foul Ball, location: 2F
0-2: Ball
1-2: Fly out, F9 (Flyball, 89D, EV 106.3 MPH)
Pinch Hitting: LHB David Ploski 0-0: Fly out, F9 (Flyball, 9LSF, EV 91.9 MPH)
Batting: SHB Oscar Ramirez 0-0: Ball
1-0: Foul Ball, location: 7LSF
1-1: Ball
2-1: Foul Ball, location: 23F
2-2: Fly out, F1 (Popup, 15, EV 85.6 MPH)
Top of the 8th over - 0 runs, 0 hits, 0 errors, 0 left on base; Mississippi 5 - Biloxi 7
BOTTOM OF THE 8TH
Biloxi Shuckers batting - Pitching for Mississippi Braves : RHP Anthony Hall
Now at 1B: Val Navarro
Batting: LHB Sandy Amador 0-0: Called Strike
0-1: Swinging Strike
0-2: Ball
1-2: Strikes out swinging
Batting: RHB Billy Weil 0-0: Ball
1-0: Foul Ball, location: 9LMF
1-1: Ball
2-1: Called Strike
2-2: Ground out 1-3 (Groundball, 15S, EV 65.0 MPH)
Batting: RHB Tyler Gordon 0-0: Called Strike
0-1: Foul Ball, location: 3F
0-2: Foul Ball, location: 2F
0-2: Ball
1-2: Strikes out swinging
Bottom of the 8th over - 0 runs, 0 hits, 0 errors, 0 left on base; Mississippi 5 - Biloxi 7
TOP OF THE 9TH
Mississippi Braves batting - Pitching for Biloxi Shuckers : RHP Mark Rocha
Pitching: LHP Mike Kretchmar
Batting: RHB Israel Lopez 0-0: SINGLE (Line Drive, 9LS, EV 102.5 MPH)
Batting: RHB Lenny Murdoch 0-0: Ball
1-0: Called Strike
1-1: Ball
2-1: Foul Ball, location: 2F
2-2: Ground out 4-3 (Groundball, 34, EV 77.5 MPH)
Israel Lopez to second
Batting: RHB Brett Moran 0-0: Called Strike
0-1: Swinging Strike
0-2: Strikes out looking
Batting: RHB Jason Campbell 0-0: Called Strike
0-1: Ball
1-1: Ball
2-1: Fly out, F8 (Flyball, 8RM, EV 85.0 MPH)
Top of the 9th over - 0 runs, 1 hit, 0 errors, 1 left on base; Mississippi 5 - Biloxi 7
Thursday, April 4th , 2024 - OOTP Baseball 24.11 Build 85